 Dungeon Crawl Stone Soup version 0.22.0 (webtiles) character file.

28 Jorund the Magician (level 3, 24/24 HPs)
             Began as a Demonspawn Wizard on Aug 11, 2018.
             Quit the game on level 1 of the Dungeon.
             The game lasted 00:02:10 (609 turns).

Jorund the Magician (Demonspawn Wizard)              Turns: 609, Time: 00:02:11

Health: 24/24      AC:  7    Str:  7    XL:     3   Next: 0%
Magic:  8/8        EV: 12    Int: 20    God:
Gold:   15         SH:  0    Dex: 11    Spells: 6/9 levels left

rFire    . . .     SeeInvis .   h - +0 whip
rCold    . . .     Gourm    .   (no shield)
rNeg     . . .     Faith    .   a - +0 robe
rPois    .         Spirit   .   b - +0 hat
rElec    .         Reflect  .   (no cloak)
rCorr    .         Harm     .   i - +0 pair of gloves
MR       .....                  (no boots)
Stlth    ++........             (no amulet)
HPRegen  0.08/turn              j - +4 ring of protection
MPRegen  0.11/turn              (no ring)

@: no status effects
A: powered by death 1, rot immunity
a: no special abilities


You were on level 1 of the Dungeon.
You were not hungry.

You visited 1 branch of the dungeon, and saw 1 of its levels.

You collected 15 gold pieces.

Inventory:

Hand Weapons
 h - a +0 whip (weapon)
Missiles
 g - 6 tomahawks (quivered)
Armour
 a - a +0 robe (worn)
 b - a +0 hat (worn)
 i - a +0 pair of gloves (worn)
Jewellery
 j - a +4 ring of protection (left hand)
Scrolls
 c - a scroll of remove curse {unknown}
 e - a scroll of identify {unknown}
Potions
 f - a potion of might {unknown}
Comestibles
 d - a ration


   Skills:
 - Level 1.7 Dodging
 - Level 1.7 Stealth
 + Level 3.8 Spellcasting
 * Level 1.5 Conjurations
   Level 1.0 Summonings
 + Level 0.8 Translocations


You had 6 spell levels left.
You knew the following spells:

 Your Spells              Type           Power        Failure   Level  Hunger
a - Magic Dart            Conj           #...         7%          1    None
b - Blink                 Tloc           N/A          14%         2    ##.....

Your spell library contained the following spells:

 Spells                   Type           Power        Failure   Level  Hunger
 Conjure Flame            Conj/Fire      #.......     28%         3    ###....
 Slow                     Hex            #.......     21%         2    ##.....
 Mephitic Cloud           Conj/Pois/Air  #.......     32%         3    ###....
 Call Imp                 Summ           #.......     13%         2    ##.....


Dungeon Overview and Level Annotations

Branches:
Dungeon (1/15)

Altars:


Innate Abilities, Weirdness & Mutations

You regenerate a little health from kills.
You are immune to rotting.


Message History

No target in view!
You now have 15 gold pieces (gained 4).
A rat comes into view.
Your magical contamination has completely faded away.
A rat is nearby!
Casting: Magic Dart (safe; 8% risk of failure)
Confirm with . or Enter, or press ? or * to list all spells.
Aiming: Magic Dart (safe; 8% risk of failure)
Press: ? - help, Shift-Dir - straight line, f - rat
Aim: a rat (resting)
The magic dart hits the rat.
You kill the rat!
You have reached level 3!
Your experience leads to an increase in your attributes!
Increase (S)trength, (I)ntelligence, or (D)exterity?
You feel clever.
Your demonic ancestry asserts itself...
You feel immune to rotting.
You start resting.
Magic restored.
Are you sure you want to abandon this character and quit the game? (Confirm with "yes".)

##.....##.....
##..............
####...............
...................
...................
....†..............
#.............†.......
#...............>.....
#.............@.......
#.......#.....#......#
#..... #....##.######
#..# ####.##.##..
###..###............
.........#..##.###.##
>...######.###..# †#
..### ... ..# .# ....#
.....


There were no monsters in sight!

Vanquished Creatures
  2 oozes (D:1)
  4 bats (D:1)
  2 goblins (D:1)
  3 hobgoblins (D:1)
  2 kobolds (D:1)
  3 frilled lizards (D:1)
  4 rats (D:1)
20 creatures vanquished.

Notes
Turn   | Place    | Note
-------+----------+-------------------------------------------
     0 | D:1      | Jorund the Demonspawn Wizard began the quest for the Orb.
     0 | D:1      | Reached XP level 1. HP: 13/13 MP: 4/4
   268 | D:1      | Gained mutation: You regenerate a little health from kills. [demonic ancestry]
   268 | D:1      | Reached XP level 2. HP: 15/19 MP: 0/6
   518 | D:1      | Learned a level 2 spell: Blink
   549 | D:1      | Gained mutation: You are immune to rotting. [demonic ancestry]
   549 | D:1      | Reached XP level 3. HP: 24/24 MP: 1/8
   609 | D:1      | Quit the game

Action                   || total
-------------------------++-------
Melee: Unarmed           ||     7
       Whip              ||    14
 Cast: Magic Dart        ||    39
Armor: Robe              ||    10
Dodge: Dodged            ||    16
